Map: Kairos Junction LE

Players

Lambo - Winner!

  • Race: Zerg Zerg
  • League: Grandmaster
  • Spawn Location: 11:00

llllllllllll

  • Race: Terran Terran
  • League: Grandmaster
  • Spawn Location: 5:00

VOD

Have the link to the VOD?

Description

Time

  • Played on: Dec. 27, 2018, 4:04 p.m.
  • Length: 11:52
Show
View Real Time Build Order
Export as new Build Order

Lambo Zerg - Winner!

Build Orders: Hatch First, Swarm Host 

Get SALT Encoding   

  12  0:00  Drone  
  13  0:12  Overlord  
  13  0:16  Drone  
  14  0:30  Drone x2  
  16  0:48  Hatchery  
  15  0:51  Drone  
  15  0:55  Drone  
  17  0:58  Drone  
  18  1:09  Extractor  
  17  1:14  Spawning Pool  
  17  1:17  Drone  
  17  1:20  Drone  
  18  1:28  Drone  
  19  1:43  Drone  
  20  1:54  Overlord  
  20  2:01  Queen x2  
  20  2:02  Zergling x4  
  26  2:10  Drone  
  26  2:11  Drone  
  28  2:21  Metabolic Boost  
  28  2:22  Drone x2  
  30  2:27  Extractor  
  29  2:33  Drone x2  
  31  2:42  Extractor  
  31  2:44  Hatchery  
  31  2:45  Drone  
  31  2:47  Drone  
  32  2:54  Overlord  
  32  2:58  Drone  
  33  3:03  Queen  
  35  3:06  Drone  
  36  3:13  Drone x2  
  36  3:14  Drone x2  
  36  3:15  Overlord  
  36  3:17  Drone  
  41  3:22  Drone x2  
  41  3:26  Drone  
  44  3:34  Queen  
  44  3:41  Queen  
  46  3:44  Drone  
  46  3:45  Drone x3  
  52  3:49  Overlord  
  52  3:57  Overlord  
  52  3:58  Drone x3  
  52  3:59  Drone  
  56  4:03  Baneling Nest  
  56  4:04  Queen  
  56  4:06  Drone  
  56  4:08  Drone  
  59  4:10  Drone  
  60  4:17  Drone x3  
  60  4:18  Queen  
  60  4:20  Drone  
  60  4:22  Spore Crawler x2  
  64  4:24  Drone  
  64  4:27  Spore Crawler, Zergling x2  
  64  4:29  Zergling x2  
  65  4:31  Zergling x2  
  65  4:32  Zergling x2  
  65  4:36  Overlord, Zergling x2  
  65  4:38  Drone  
  69  4:41  Lair  
  69  4:46  Queen  
  69  4:47  Drone  
  69  4:49  Overlord, Extractor  
  69  4:50  Extractor  
  70  4:53  Overlord  
  70  4:56  Overlord  
  70  4:57  Overlord  
  70  4:58  Drone  
  70  4:59  Drone  
  72  5:04  Drone x4  
  72  5:05  Drone  
  77  5:13  Drone x2  
  79  5:16  Drone x3  
  79  5:18  Drone  
  79  5:19  Spore Crawler  
  82  5:23  Evolution Chamber  
  82  5:27  Queen  
  83  5:28  Queen  
  83  5:30  Drone x2  
  83  5:31  Drone x5  
  92  5:35  Overlord  
  92  5:36  Extractor  
  92  5:38  Baneling  
  92  5:39  Baneling x2  
  92  5:40  Baneling  
  92  5:42  Zergling x4  
  93  5:43  Drone  
  93  5:45  Extractor  
  93  5:46  Extractor  
  93  5:49  Drone x4  
  95  5:51  Zerg Missile Weapons Level 1  
  95  5:52  Hydralisk Den, Overseer  
  95  5:54  Drone x2  
  96  5:58  Drone x2  
  98  6:07  Overlord  
  96  6:11  Overlord  
  96  6:16  Overlord x3  
  96  6:22  Grooved Spines  
  96  6:23  Hatchery, Hydralisk x2  
  96  6:24  Hydralisk  
  101  6:26  Queen, Infestation Pit  
  102  6:32  Centrifical Hooks  
  102  6:34  Hydralisk  
  102  6:35  Hydralisk  
  106  6:40  Hydralisk x3  
  106  6:43  Overlord  
  106  6:45  Hydralisk  
  114  6:50  Drone x7  
  121  6:55  Hydralisk x2  
  125  7:03  Extractor  
  125  7:06  Overlord, Hydralisk x4  
  132  7:10  Overlord  
  131  7:18  Hydralisk  
  131  7:19  Hydralisk x2  
  134  7:28  Overlord  
  134  7:29  Hydralisk x3  
  138  7:33  Muscular Augments  
  138  7:34  Overlord  
  138  7:35  Drone x3  
  138  7:36  Drone x3  
  146  7:41  Evolution Chamber  
  145  7:46  Extractor  
  145  7:50  Overlord  
  144  7:52  Spine Crawler  
  144  7:53  Spore Crawler  
  142  8:00  Overlord  
  142  8:02  Drone x3  
  142  8:04  Swarm Host x8  
  169  8:07  Zerg Melee Weapons Level 1  
  169  8:14  Overlord  
  169  8:16  Zerg Missile Weapons Level 2  
  169  8:19  Zergling x10  
  174  8:26  Swarm Host x2  
  177  8:29  Drone  
  177  8:30  Drone x3  
  177  8:32  Pneumatized Carapace  
  177  8:33  Drone  
  177  8:34  Drone  
  186  8:35  Swarm Host, Hatchery  
  188  8:43  Swarm Host x3  
  197  8:53  Swarm Host  
  198  9:01  Overlord  
  198  9:04  Overlord  
  198  9:09  Swarm Host  
  196  9:10  Hatchery  
  191  9:30  Drone x3  
  191  9:31  Drone x14  
  194  9:35  Hive  
  194  9:36  Spire  
  192  9:54  Zergling x16  
  200  10:14  Zergling x4  
  190  10:21  Hydralisk x4  
  190  10:22  Zergling x2  
  190  10:23  Baneling x6  
  194  10:31  Baneling x7  
  194  10:34  Spine Crawler, Hydralisk x3  
  199  10:36  Spine Crawler  
  199  10:37  Baneling x4  
  198  10:57  Extractor  
  198  10:59  Extractor  
  196  11:16  Hydralisk x5  
  196  11:17  Zergling x12  
  192  11:23  Hydralisk x10  
Show
View Real Time Build Order
Export as new Build Order

llllllllllll Terran 

Build Orders: Mech 

Get SALT Encoding   

  12  0:00  SCV  
  13  0:13  SCV  
  14  0:18  Supply Depot  
  14  0:25  SCV  
  15  0:29  Refinery  
  15  0:40  SCV  
  16  0:45  Barracks  
  16  0:52  SCV  
  18  1:04  SCV  
  18  1:16  SCV  
  19  1:32  Reaper, Orbital Command  
  20  1:47  Command Center  
  20  1:56  Factory  
  20  2:00  SCV  
  21  2:07  Barracks Reactor  
  21  2:13  Supply Depot  
  21  2:14  SCV  
  22  2:26  SCV  
  23  2:39  SCV  
  23  2:44  Marine x2  
  23  2:49  Hellion  
  23  2:50  Starport  
  23  2:51  SCV  
  28  2:59  Orbital Command  
  28  3:02  Marine x2  
  28  3:03  SCV  
  33  3:12  Hellion  
  33  3:15  SCV  
  34  3:26  SCV  
  35  3:27  SCV  
  36  3:34  Command Center  
  36  3:40  SCV  
  37  3:46  Fusion Core  
  37  3:47  Refinery  
  37  3:51  Starport Tech Lab  
  37  3:52  SCV x2  
  37  3:53  Hellion  
  41  3:58  Hellion  
  43  4:03  Supply Depot  
  43  4:04  SCV  
  43  4:06  SCV  
  45  4:11  Supply Depot  
  45  4:16  Refinery, SCV  
  46  4:19  Refinery  
  46  4:24  SCV  
  46  4:28  SCV  
  48  4:35  Supply Depot  
  48  4:36  SCV  
  49  4:40  SCV  
  50  4:48  SCV, Orbital Command  
  51  4:53  Battlecruiser  
  51  4:57  SCV  
  58  5:00  Hellion  
  58  5:02  Hellion  
  58  5:04  SCV  
  63  5:17  SCV x3  
  66  5:22  Supply Depot  
  66  5:23  Supply Depot  
  66  5:29  SCV x2  
  66  5:30  SCV  
  66  5:31  Factory  
  66  5:34  Factory  
  69  5:36  Armory  
  69  5:41  SCV x2  
  71  5:43  Factory  
  71  5:44  Factory  
  71  5:56  Armory  
  71  5:59  Orbital Command  
  71  6:05  SCV  
  71  6:07  SCV  
  72  6:15  Factory Tech Lab  
  72  6:17  SCV, Battlecruiser  
  77  6:19  SCV  
  77  6:25  SCV  
  79  6:29  Factory Tech Lab x3, SCV  
  79  6:31  SCV  
  81  6:36  Refinery x2, Terran Vehicle Weapons Level 1  
  81  6:37  SCV  
  81  6:39  Hellion x2  
  86  6:41  SCV, Supply Depot  
  86  6:43  SCV  
  88  6:49  SCV, Siege Tank  
  92  6:56  Siege Tank  
  92  6:59  SCV x2  
  99  7:01  Hellion  
  99  7:05  Supply Depot  
  99  7:07  Supply Depot  
  99  7:09  Command Center  
  99  7:12  Siege Tank  
  99  7:15  Hellion  
  104  7:17  Hellion  
  104  7:22  Terran Vehicle And Ship Armor Level 1  
  104  7:24  Siege Tank  
  104  7:25  Hellion  
  104  7:27  SCV  
  104  7:28  Hellion  
  112  7:34  Supply Depot  
  112  7:36  SCV, Hellion  
  115  7:38  Supply Depot  
  115  7:41  Battlecruiser  
  115  7:43  SCV  
  122  7:48  SCV  
  122  7:49  SCV  
  124  7:56  Hellion, Siege Tank  
  129  7:59  Infernal Pre-Igniter  
  129  8:02  Supply Depot  
  129  8:11  Mag-Field Accelerator  
  129  8:13  Supply Depot, Engineering Bay  
  129  8:14  Cyclone  
  129  8:19  Siege Tank  
  135  8:22  Hellion x2  
  139  8:29  Supply Depot  
  139  8:37  Hellion  
  139  8:39  Hellion  
  143  8:44  Supply Depot x2  
  143  8:45  Raven, Supply Depot  
  143  8:46  Starport  
  143  8:47  Hellion  
  145  8:57  Terran Vehicle Weapons Level 2  
  145  9:00  Hellion x2, Siege Tank  
  152  9:03  Planetary Fortress  
  152  9:08  SCV x3  
  153  9:17  Refinery, Hellion, Siege Tank  
  153  9:18  Refinery  
  153  9:20  SCV  
  154  9:26  Hellion x2, Siege Tank  
  153  9:32  Hellion  
  155  9:40  Hellion  
  157  9:46  Sensor Tower  
  157  9:47  Missile Turret  
  157  9:48  Hellion, SCV, Siege Tank, Starport Tech Lab  
  157  9:49  Siege Tank  
  166  9:54  Hellion  
  168  10:05  Hellion  
  168  10:06  Hellion  
  172  10:10  Hellion  
  167  10:15  Hellion  
  154  10:22  SCV  
  154  10:23  Barracks  
  154  10:24  Siege Tank  
  154  10:28  Siege Tank  
  157  10:43  Hellion x3  
  157  10:44  Weapon Refit  
  157  10:46  SCV  
  170  11:01  Hellion  
  169  11:07  Sensor Tower  
  169  11:17  Hellion, Siege Tank  
  169  11:18  Hellion, Siege Tank  
  126  11:21  Hellion  
Tags
 
Add a new tag
Caveats
  • Supply blocks, unpowered buildings, or Contaminate may cause inaccurate times.
  • Supply counts are checked every 10 seconds.